 Dungeon Crawl Stone Soup version 0.32-a0-391-gce5c0aab1b (webtiles) character file.

Game seed: 8596739885498290501

319 eruonna the Ruffian (level 6, 0/43 HPs)
             Began as a Merfolk Shapeshifter on Feb 20, 2024.
             Slain by an adder zombie (3 damage)
             ... in an ossuary.
             The game lasted 00:14:28 (2132 turns).

eruonna the Ruffian (Merfolk Shapeshifter)          Turns: 2132, Time: 00:14:28

Health: 0/43       AC:  4    Str: 16    XL:     6   Next: 46%
Magic:  6/6        EV: 12    Int: 13    God:
Gold:   89         SH:  0    Dex: 12    Spells: 5/5 levels left

rFire   + .          .
                       - Unarmed
rCold   + . .        (no shield)
rNeg    . . .        k - +2 robe {rC+}
rPois   .            (helmet currently unavailable)
rElec   .            (cloak currently unavailable)
rCorr   +            (gloves currently unavailable)
SInv    .            (boots currently unavailable)
Will    .....        (no amulet)
Stlth   +            i - ring of protection from fire
HPRegen 0.27/turn    g - ring of resist corrosion
MPRegen 0.10/turn

%: no passive effects
@: beast-form, silenced
A: beast (slay +3), (nimble swimmer 2), mertail, antennae 1, claws 1, clever 1
a: Begin Untransformation


You were in an ossuary.
You were a hulking beast.
You visited 1 branch of the dungeon, and saw 4 of its levels.
You also visited: Ossuary.

You collected 151 gold pieces.
You spent 62 gold pieces at shops.

Inventory:

Hand Weapons
 m - a +0 sling of flaming
Missiles
 e - 6 poisoned darts (quivered)
 o - 4 stones
Armour
 a - a +0 animal skin
 k - a +2 robe of cold resistance (worn)
 n - the +2 helmet of Henotheism {Str+2 Dex+4}
   (You took it off Robin on level 2 of the Dungeon)

   Str+2:     It affects your strength (+2).
   Dex+4:     It affects your dexterity (+4).
Jewellery
 g - a ring of resist corrosion (right claw)
 i - a ring of protection from fire (left claw)
Talismans
 c - a beast talisman (active)
 d - a flux talisman
Scrolls
 p - a scroll of enchant weapon {unknown}
 q - a scroll of summoning {unknown}
Potions
 b - a potion of lignification
 h - a potion of curing


   Skills:
 - Level 1.1 Fighting
 - Level 2.6 Dodging
 - Level 7.0 Unarmed Combat
 + Level 5.4 Shapeshifting


You had 5 spell levels left.
You didn't know any spells.
Your spell library was empty.

Dungeon Overview and Level Annotations

Branches:
Dungeon (4/15)            Ossuary (1/1)
 Temple: D:4-7

Altars:

Shops:
D:1 [

Annotations:
D:3 Sigmund


Innate Abilities, Weirdness & Mutations

You are a hulking beast.
Your limbs bulge with bestial killing power. (Slay +3)
((You are very nimble when in or above water. (Stealth+, EV+, Speed+++)))
Your lower body shifts to a powerful aquatic tail in water.
You have a pair of small antennae on your head.
You have sharp fingernails.
Your mind is acute. (Int +4, Str/Dex -1)


Message History

* * * LOW HITPOINT WARNING * * *
The adder zombie bites you.
* * * LOW HITPOINT WARNING * * *
Okay, then.
The adder zombie attacks as it pursues you!
The adder zombie closely misses you.
The centaur zombie hits you but does no damage.
The centaur zombie barely misses you.
You hit the centaur zombie.
The centaur zombie is severely damaged.
The adder zombie bites you but does no damage.
The centaur zombie hits you.
* * * LOW HITPOINT WARNING * * *
The centaur zombie kicks you.
* * * LOW HITPOINT WARNING * * *
It was a potion of mutation.
You feel extremely strange.
You feel clever.
Your fingernails lengthen.
A pair of antennae grows on your head! The adder zombie bites you.
* * * LOW HITPOINT WARNING * * *
The centaur zombie misses you. The centaur zombie closely misses you.
It was a potion of heal wounds.
You feel much better. The adder zombie bites you.
The centaur zombie barely misses you. The centaur zombie misses you.
The ogre zombie hits you!
You scratch the centaur zombie.
The centaur zombie is almost destroyed.
The centaur zombie closely misses you.
The centaur zombie kicks you but does no damage.
The adder zombie bites you.
You claw the centaur zombie!
You destroy the centaur zombie!
The adder zombie completely misses you. The ogre zombie hits you!
* * * LOW HITPOINT WARNING * * *
You claw the ogre zombie!
The ogre zombie is lightly damaged.
The adder zombie misses you.
You barely miss the ogre zombie.
The ogre zombie is lightly damaged.
The adder zombie bites you.
You die...

#........ #.......
#......# ......#
....# #...# #'''#
###ZZ.# #..hZ.## #
#......# # #......##
## #.......## ##.
#........### ###..
#.....ß....#####....
#....ß#ß.....'.....ß
#.....ß......'......
##...........'......


You could see an adder zombie, an orc zombie and an ogre zombie.

Vanquished Creatures
  Blork the orc (D:4)
  A bullfrog zombie (Ossuary)
  A centaur zombie (Ossuary)
  Robin (D:2)
  3 adders
  3 adder zombies (Ossuary)
  A dart slug (D:3)
  4 ball pythons
  4 endoplasms
  2 giant cockroaches
  2 gnoll zombies (Ossuary)
  16 goblins
  7 hobgoblins
  11 kobolds
  A quokka (D:1)
  4 bats (D:2)
  10 frilled lizards
  2 goblin zombies (Ossuary)
  2 hobgoblin zombies (Ossuary)
  4 orc zombies (Ossuary)
  2 rats
82 creatures vanquished.

Notes
Turn   | Place    | Note
-------+----------+-------------------------------------------
     0 | D:1      | eruonna the Merfolk Shapeshifter began the quest for the
                  | Orb.
     0 | D:1      | Reached XP level 1. HP: 15/15 MP: 1/1
    78 | D:1      | Reached XP level 2. HP: 11/21 MP: 2/2
   150 | D:1      | Found Atokepev's Antique Armour Shoppe.
   152 | D:1      | Reached skill level 4 in Unarmed Combat
   281 | D:1      | You fall into a shaft and drop 1 floor!
   335 | D:2      | Reached XP level 3. HP: 22/26 MP: 3/3
   500 | D:2      | Reached skill level 5 in Unarmed Combat
   519 | D:1      | Bought an embroidered robe for 62 gold pieces
   898 | D:1      | Reached XP level 4. HP: 32/32 MP: 4/4
  1540 | D:3      | Identified the +2 helmet of Henotheism {Str+2 Dex+4}
  1540 | D:3      | Noticed Robin
  1656 | D:3      | Reached skill level 6 in Unarmed Combat
  1749 | D:2      | Reached XP level 5. HP: 35/37 MP: 5/5
  1760 | D:2      | Killed Robin
  1945 | D:3      | Noticed Sigmund
  2006 | D:4      | Found a sand-covered staircase.
  2006 | D:4      | Noticed Blork the orc
  2014 | D:4      | Killed Blork the orc
  2015 | D:4      | Reached skill level 7 in Unarmed Combat
  2043 | Ossuary  | Entered an ossuary
  2050 | Ossuary  | Reached XP level 6. HP: 42/43 MP: 6/6
  2091 | Ossuary  | Reached skill level 5 in Shapeshifting
  2127 | Ossuary  | Gained mutation: Your mind is acute. (Int +4, Str/Dex -1)
                  | [potion of mutation]
  2127 | Ossuary  | Gained mutation: You have sharp fingernails. [potion of
                  | mutation]
  2127 | Ossuary  | Gained mutation: You have a pair of small antennae on your
                  | head. [potion of mutation]
  2132 | Ossuary  | Slain by an adder zombie

Illustrated notes

Levels and vault maps discovered:
D:1:      lightli_arrival_quake, layout_basic, serial_shops, shop,
          minmay_tripent
D:2:      minmay_kobold_bridge, layout_rooms, minmay_lizard_king
D:3:      layout_rooms, marbit_many_paths, hex_tiny, nicolae_figureground_pulse,
          uniq_robin, uniq_sigmund
D:4:      layout_basic, serial_glass, glass_columns_b, glass_columns_a,
          glass_columns_a, glass_columns_a, glass_columns_c, glass_columns_a,
          glass_columns_a, glass_columns_c, item_on_display_a,
          nicolae_ossuary_entry_monument, grunt_ministairs_4, uniq_blork_the_orc
Ossuary:  ossuary_hellmonk_silent_tomb

Skill      XL: |  1  2  3  4  5  6 |
---------------+-------------------+-----
Unarmed Combat | 4 5 6 7 |  7.0
Shapeshifting  | 5 |  5.4
Fighting       | |  1.1
Dodging        | |  2.6

Action                     |  1- 3 |  4- 6 || total
---------------------------+-------+-------++-------
  Melee: Unarmed           |    72 |   126 ||   198
         Punch             |       |     4 ||     4
  Throw: Dart              |       |     2 ||     2
    Use: Scroll            |       |     4 ||     4
         Potion            |       |     3 ||     3
   Stab: Sleeping          |       |     2 ||     2
         Distracted        |       |     1 ||     1
 Armour: Animal skin       |    33 |       ||    33
         Robe              |       |   107 ||   107
  Dodge: Dodged            |    35 |    92 ||   127

Table legend: (Time is in decaauts)
 A = Elapsed time spent in this place.
 B = Non-inter-level travel time spent in this place.
 C = Inter-level travel time spent in this place.
 D = Time resting spent in this place.
 E = Time spent auto-exploring this place.
 F = Levels seen in this place.
 G = Mean time per level.
                   A        B        C        D        E       F      G
               +--------+--------+--------+--------+--------+-----+--------+
         Total |   2124 |   1959 |    165 |    301 |    965 |   5 |  424.8 |
       Dungeon |   2042 |   1877 |    165 |    301 |    965 |   4 |  510.5 |
       Ossuary |     82 |     82 |      0 |      0 |      0 |   1 |   82.0 |
               +--------+--------+--------+--------+--------+-----+--------+

Top non-repeatable levels by time:
     D:1: 923 daAuts
     D:2: 767 daAuts
     D:3: 267 daAuts
     D:4: 84 daAuts
 Ossuary: 82 daAuts
